 Dungeon Crawl Stone Soup version 0.28-a0-406-g4bac719ec2 (webtiles) character file.

Game seed: 956128357992909533

71 Astera the Covered (level 4, -2/37 HPs)
             Began as a Barachi Fighter on Sept 5, 2021.
             Was a Follower of Uskayaw.
             Slain by Crazy Yiuf (5 damage)
             ... on level 2 of the Dungeon.
             The game lasted 00:07:17 (1819 turns).

Astera the Covered (Barachi Fighter)                Turns: 1819, Time: 00:07:18

Health: -2/37      AC:  7    Str: 19    XL:     4   Next: 24%
Magic:  4/4        EV:  9    Int:  8    God:    Uskayaw [*.....]
Gold:   68         SH:  4    Dex: 11    Spells: 3/3 levels left

rFire   . . .      SeeInvis +   a - +0 long sword
rCold   . . .      Faith    +   c - +0 buckler
rNeg    . . .      Spirit   .   b - +0 scale mail
rPois   .          Reflect  .   (no helmet)
rElec   .          Harm     .   (no cloak)
rCorr   .          Rampage  .   (no gloves)
Will    .....                   (no boots)
Stlth   ..........              h - amulet of faith
HPRegen 0.12/turn               j - ring of see invisible
MPRegen 0.09/turn               (no ring)

@: slow
A: amphibious, slowness 1, strong legs 1, +LOS
a: Hop, Renounce Religion, Stomp


You were on level 2 of the Dungeon.
You worshipped Uskayaw.
Uskayaw was noncommittal.
You visited 1 branch of the dungeon, and saw 2 of its levels.

You collected 68 gold pieces.

Inventory:

Hand Weapons
 a - a +0 long sword (weapon)
Missiles
 e - 7 boomerangs
Armour
 b - a +0 scale mail (worn)
 c - a +0 buckler (worn)
Jewellery
 h - an amulet of faith (around neck)
 j - a ring of see invisible (left hand)
Scrolls
 f - a scroll of blinking {unknown}
 g - 2 scrolls of amnesia {unknown}
 i - a scroll of fog {unknown}
Potions
 d - a potion of might
 k - a potion of heal wounds {unknown}


   Skills:
 + Level 4.0 Fighting
 + Level 3.6 Long Blades
 + Level 4.5 Armour
 + Level 0.9 Dodging
 + Level 3.5 Shields


You had 3 spell levels left.
You didn't know any spells.
Your spell library contained the following spells:

 Spells                   Type           Power      Damage    Failure   Level
 Passwall                 Tmut/Erth      0%         N/A       89%         2
 Swiftness                Air            0%         N/A       98%         3
 Invisibility             Hex            0%         N/A       100%        6


Dungeon Overview and Level Annotations

Branches:
Dungeon (2/15)

Altars:
Kikubaaqudgha
Uskayaw

Annotations:
D:2 Crazy Yiuf


Innate Abilities, Weirdness & Mutations

You are amphibious.
You cover ground slowly.
You can hop short distances.
You have an extended range of vision and can be seen from far away.


Message History

The worm is moderately wounded.
The worm barely misses you.
You hit the worm.
The worm is heavily wounded.
The worm bites you!
You slash the worm!
You kill the worm!
Key pressed, stopping explore.
You see here a worm corpse.
Found 23 arrows.
You see here a worm corpse.
Things that are here:
a +0 whip; a kobold corpse You see here a +0 dagger.
There is a stone staircase leading up here.
You open the door. You barely miss Crazy Yiuf.
Crazy Yiuf hits you with a +2 quarterstaff of chaos.
You are poisoned.
You slash Crazy Yiuf!
Crazy Yiuf is heavily wounded.
You feel very sick. Crazy Yiuf hits you but does no damage.
You are electrocuted!
Crazy Yiuf hits you with a +2 quarterstaff of chaos.
You barely miss Crazy Yiuf.
Crazy Yiuf is heavily wounded.
You feel sick.
Crazy Yiuf screams, "Two tired ragdoll!"
Crazy Yiuf hits you with a +2 quarterstaff of chaos.
* * * LOW HITPOINT WARNING * * *
Crazy Yiuf freezes you.
* * * LOW HITPOINT WARNING * * *
You feel sick.
You feel sick.
Crazy Yiuf grits, "Walk bag hog!"
You feel sick.
You feel sick.
You are no longer poisoned.
Crazy Yiuf hits you with a +2 quarterstaff of chaos.
You die...

............#
............#
..[.........#
..#.#.......#
#.#.#.####### #.....#
#...# ##...## #...##♣♣♣♣♣
##.#.# #.......♣g♣♣♣ ###
##.#.####.....P.@♣..♣#...#
..............P.♣♣♣♣.'...#
<..)..........P♣♣ ♣♣#..)#
............##♣♣ ###
.........##.#
....<..."#..#
............## #####
.............###...#
..........##.......#


You could see Crazy Yiuf.

Vanquished Creatures
  An adder (D:2)
  3 worms (D:2)
  3 ball pythons (D:1)
  4 bats
  5 endoplasms
  2 giant cockroaches (D:2)
  7 goblins
  8 hobgoblins
  6 kobolds
  A quokka (D:2)
  2 frilled lizards
  5 rats
47 creatures vanquished.

Vanquished Creatures (others)
  A fungus (D:2)
1 creature vanquished.

Grand Total: 48 creatures vanquished

Notes
Turn   | Place    | Note
-------+----------+-------------------------------------------
     0 | D:1      | Astera the Barachi Fighter began the quest for the Orb.
     0 | D:1      | Reached XP level 1. HP: 18/18 MP: 1/1
    62 | D:1      | Reached XP level 2. HP: 25/25 MP: 2/2
   166 | D:1      | Found a faded altar of an unknown god.
   177 | D:1      | Became a worshipper of Uskayaw the Reveller
   177 | D:1      | Reached * piety under Uskayaw
   349 | D:1      | Reached ** piety under Uskayaw
   356 | D:1      | Reached *** piety under Uskayaw
   467 | D:1      | Reached XP level 3. HP: 30/30 MP: 3/3
   721 | D:2      | Found an ancient bone altar of Kikubaaqudgha.
   876 | D:2      | Reached XP level 4. HP: 4/37 MP: 4/4
  1240 | D:2      | Found a runed translucent door.
  1241 | D:2      | Noticed Crazy Yiuf
  1819 | D:2      | Slain by Crazy Yiuf

Illustrated notes

Levels and vault maps discovered:
D:1:      dpeg_arrival_tiny_i, layout_basic, basic_ecumenical_altar,
          minmay_tetromino_l4
D:2:      layout_rooms, basic_altar, uniq_crazy_yiuf_cottage

Skill      XL: |  1  2  3 |
---------------+----------+-----
Armour         | 4 |  4.5
Long Blades    | 3 |  3.6
Fighting       | 4 |  4.0
Dodging        | |  0.9
Shields        | |  3.5

Action                   |  1- 3 |  4- 6 || total
-------------------------+-------+-------++-------
Melee: Long sword        |   119 |    40 ||   159
 Stab: Paralysed         |     1 |       ||     1
Armor: Scale mail        |    77 |    15 ||    92
Dodge: Dodged            |    61 |    17 ||    78
Block: Buckler           |    35 |     3 ||    38

Table legend: (Time is in decaauts)
 A = Elapsed time spent in this place.
 B = Non-inter-level travel time spent in this place.
 C = Inter-level travel time spent in this place.
 D = Time resting spent in this place.
 E = Time spent auto-exploring this place.
 F = Levels seen in this place.
 G = Mean time per level.
                   A        B        C        D        E       F      G
               +--------+--------+--------+--------+--------+-----+--------+
         Total |   2060 |   2052 |      8 |     26 |   1328 |   2 | 1030.0 |
       Dungeon |   2060 |   2052 |      8 |     26 |   1328 |   2 | 1030.0 |
               +--------+--------+--------+--------+--------+-----+--------+

Top non-repeatable levels by time:
     D:2: 1219 daAuts
     D:1: 840 daAuts
